 Dungeon Crawl Stone Soup version 0.30-a0-596-g0af90f9a20 (webtiles) character file.

Game seed: 9710340145617906159

1409848 cforsyth the Petrodigitator (level 27, 199/199 HPs)
             Began as a Gargoyle Earth Elementalist on Jan 6, 2023.
             Was the Champion of Vehumet.
             Escaped with the Orb
             ... and 3 runes!
             The game lasted 04:40:02 (106895 turns).

cforsyth the Petrodigitator (GrEE)                Turns: 106895, Time: 04:40:03

Health: 199/199    AC: 37    Str: 24    XL:     27
Magic:  42/42      EV: 23    Int: 29    God:    Vehumet [******]
Gold:   5373       SH: 18    Dex: 14    Spells: 3/56 levels left

rFire   + + .      SeeInvis .    q - staff of conjuration
rCold   + . .      Faith    .    h - +5 kite shield
rNeg    + . .      Spirit   .    V - +1 leather armour "Covviw" {rF+ Will+ Str+4 Dex+4}
rPois   ∞          Reflect  .    L - +2 helmet
rElec   +          Harm     .    T - +4 dragonskin cloak
rCorr   .          Rampage  .    Z - +1 pair of gloves of Mezcal {Fly rF+ Str+2}
Will    +++..      Archmagi +    P - +2 pair of boots "Baips" {Int+2}
Stlth   +                        p - amulet of magic regeneration
HPRegen 0.53/turn                S - ring of the Mage {Wiz Archmagi}
MPRegen 0.68/turn                U - ring of Tienku {rC+ Str+3}

@: flying
A: sickness immunity, AC +20, big wings, negative energy resistance 1,
electricity resistance, torment resistance 1, petrification resistance
0: Orb of Zot
}: 3/15 runes: serpentine, barnacled, silver
a: Renounce Religion


You escaped.
You worshipped Vehumet.
Vehumet was exalted by your worship.
You visited 10 branches of the dungeon, and saw 48 of its levels.
You also visited: Gauntlet, Wizlab and Desolation.

You collected 8480 gold pieces.
You spent 3107 gold pieces at shops.

Inventory:

Hand Weapons
 X - the +5 short sword of Weak Indomitability {elec, rElec rC+ Dex-3}
   (You found it in a Gauntlet)

   Dex:       It affects your dexterity (-3).
   rC:        It protects you from cold.
   rElec:     It insulates you from electricity.
Missiles
 R - 3 throwing nets
Armour
 h - a +5 kite shield (worn)
 z - the +0 ring mail of the Everdark {Str+4}
   (You bought it in a shop on level 3 of the Snake Pit)

   Str:       It affects your strength (+4).
 L - a +2 helmet (worn)
 P - the +2 pair of boots "Baips" (worn) {Int+2}
   (You found it on level 2 of the Depths)

   Int:       It affects your intelligence (+2).
 T - the +4 dragonskin cloak (worn)
   (You took it off Tiamat on level 4 of the Realm of Zot)

   It grants the wearer a chance to resist fire, cold, poison, electricity,
   acid, and negative energy.
 V - the +1 leather armour "Covviw" (worn) {rF+ Will+ Str+4 Dex+4}
   (You found it in the Desolation of Salt)

   Str:       It affects your strength (+4).
   Dex:       It affects your dexterity (+4).
   rF:        It protects you from fire.
   Will:      It increases your willpower.
 Z - the +1 pair of gloves of Mezcal (worn) {Fly rF+ Str+2}
   (You bought it in a shop on level 2 of the Orcish Mines)

   Str:       It affects your strength (+2).
   rF:        It protects you from fire.
   Fly:       It grants you flight.
Magical Staves
 q - a staff of conjuration (weapon)
Jewellery
 p - an amulet of magic regeneration (around neck)
 u - the ring of Veammy {Contam rC+ Will+ rCorr}
   (You found it on level 3 of the Vaults)

   [ring of willpower]

   rC:        It protects you from cold.
   Contam:    It causes magical contamination when unequipped.
   rCorr:     It protects you from acid and corrosion.
   Will:      It increases your willpower.
 v - a +4 ring of protection
 E - the ring of Niogoask {Wiz rN+}
   (You found it on level 4 of the Shoals)

   [ring of wizardry]

   It improves your spell success rate.
   rN:        It protects you from negative energy.
 N - a ring of willpower
 S - the ring of the Mage (left hand) {Wiz Archmagi}
   (You bought it in a shop on level 4 of the Depths)

   [ring of wizardry]

   It improves your spell success rate.
   Archmagi:  It increases the power of your magical spells.
 U - the ring of Tienku (right hand) {rC+ Str+3}
   (You found it in a Gauntlet)

   [ring of protection from cold]

   Str:       It affects your strength (+3).
   rC:        It protects you from cold.
 Y - a ring of protection from fire
Wands
 e - a wand of digging (13)
 l - a wand of flame (72)
 x - a wand of mindburst (38)
 y - a wand of polymorph (30)
 C - a wand of light (16)
 G - a wand of roots (29)
Scrolls
 c - 3 scrolls of summoning
 f - 6 scrolls of poison
 g - 15 scrolls of vulnerability
 i - 10 scrolls of fog
 j - 12 scrolls of enchant armour
 k - 13 scrolls of fear
 A - 2 scrolls of blinking
 D - 16 scrolls of teleportation
 F - 2 scrolls of silence
 H - 6 scrolls of immolation
 J - 2 scrolls of magic mapping
 K - 5 scrolls of amnesia
 W - 2 scrolls of torment
Potions
 a - 10 potions of might
 b - 9 potions of magic
 d - 7 potions of flight
 m - 7 potions of cancellation
 n - 7 potions of brilliance
 o - 8 potions of lignification
 r - 7 potions of heal wounds
 s - 25 potions of curing
 t - 9 potions of haste
 w - 5 potions of resistance
 B - 5 potions of berserk rage
 I - 10 potions of mutation
 M - 6 potions of ambrosia
 O - 13 potions of attraction
 Q - 2 potions of invisibility


   Skills:
 O Level 27 Fighting
 + Level 23.2 Dodging
 - Level 2.1 Stealth
 - Level 15.0 Shields
 - Level 15.2 Spellcasting
 - Level 16.0 Conjurations
 - Level 7.0 Summonings
 - Level 0.7 Transmutations
 O Level 27 Earth Magic


You had 3 spell levels left.
You knew the following spells:

 Your Spells              Type           Power      Damage    Failure   Level
a - Sandblast             Erth           100%       2d20      0%          1
b - Stone Arrow           Conj/Erth      100%       3d13      0%          3
c - Iskenderun's Mystic   Conj/Tloc      100%       2d19      1%          4
d - Lee's Rapid Deconstr  Erth           66%        3d30*     0%          5
e - Spellforged Servitor  Conj/Summ      57%        N/A       4%          7
f - Blink                 Tloc           66%        N/A       2%          2
g - Ignition              Fire           16%        3d7       100%        8
h - Lehudib's Crystal Sp  Conj/Erth      73%        10d16     1%          8
i - Shatter               Erth           66%        3d49*     1%          9
j - Iron Shot             Conj/Erth      73%        9d13      1%          6

Your spell library contained the following spells:

 Spells                   Type           Power      Damage    Failure   Level
 Magic Dart               Conj           100%       1d8       0%          1
 Passwall                 Tmut/Erth      84%        N/A       0%          2
 Foxfire                  Conj/Fire      100%       2x1d9     1%          1
 Freeze                   Ice            100%       1d10      1%          1
 Kiss of Death            Conj/Necr      100%       2d13      1%          1
 Necrotise                Necr           100%       1d9       1%          1
 Shock                    Conj/Air       100%       1d9       1%          1
 Slow                     Hex            100%       N/A       1%          1
 Sting                    Tmut/Pois      100%       1d8       1%          1
 Call Imp                 Summ           76%        N/A       1%          2
 Momentum Strike          Conj/Tloc      100%       3d10      1%          2
 Poisonous Vapours        Pois/Air       66%        N/A       1%          2
 Scorch                   Fire           66%        2d8       1%          2
 Static Discharge         Conj/Air       100%       2-7/arc   1%          2
 Dazzling Flash           Conj/Hex       100%       N/A       1%          3
 Frozen Ramparts          Ice            66%        1d10      1%          3
 Hailstorm                Conj/Ice       100%       3d20      1%          3
 Ignite Poison            Fire/Tmut/Pois 35%        N/A       1%          3
 Inner Flame              Hex/Fire       33%        N/A       1%          3
 Kindle Blastsparks       Fire/Tloc/Air  66%        2d15      1%          3
 Mephitic Cloud           Conj/Pois/Air  87%        N/A       1%          3
 Ensorcelled Hibernation  Hex/Ice        66%        N/A       2%          2
 Confusing Touch          Hex            33%        N/A       6%          3
 Lesser Beckoning         Tloc           66%        N/A       6%          3
 Ozocubu's Armour         Ice            33%        N/A       6%          3
 Portal Projectile        Hex/Tloc       66%        N/A       6%          3
 Swiftness                Air            33%        N/A       6%          3
 Tukima's Dance           Hex            33%        N/A       6%          3
 Vampiric Draining        Necr           33%        2d8       6%          3
 Animate Armour           Summ/Erth      100%       N/A       1%          4
 Flame Wave               Conj/Fire      100%       2d21      1%          4
 Leda's Liquefaction      Hex/Erth       50%        N/A       1%          4
 Petrify                  Tmut/Erth      100%       N/A       1%          4
 Sticky Flame             Conj/Fire      100%       2d11      1%          4
 Arcjolt                  Conj/Air       50%        1d60      1%          5
 Fireball                 Conj/Fire      50%        3d20      1%          5
 Irradiate                Conj/Tmut      51%        3d28      1%          5
 Iskenderun's Battlesphe  Conj           100%       2d15      1%          5
 Lightning Bolt           Conj/Air       50%        1d71      1%          5
 Orb of Destruction       Conj           65%        9d15      1%          7
 Conjure Ball Lightning   Conj/Air       50%        3x3d17    3%          6
 Starburst                Conj/Fire      50%        6d14      3%          6
 Summon Ice Beast         Ice/Summ       59%        N/A       4%          4
 Summon Lightning Spire   Summ/Air       59%        N/A       4%          4
 Airstrike                Air            16%        2d(3-19)  5%          4
 Olgreb's Toxic Radiance  Pois           33%        N/A       5%          4
 Yara's Violent Unravell  Hex/Tmut       18%        3d9       12%         5
 Ice Form                 Ice/Tmut       36%        N/A       16%         4
 Summon Cactus Giant      Summ           38%        N/A       16%         6
 Animate Dead             Necr           33%        N/A       17%         4
 Cause Fear               Hex            16%        N/A       17%         4
 Manifold Assault         Tloc           33%        N/A       17%         4
 Passage of Golubria      Tloc           33%        N/A       17%         4
 Blade Hands              Tmut           19%        N/A       34%         5
 Agony                    Necr           33%        N/A       43%         5
 Metabolic Englaciation   Hex/Ice        16%        N/A       43%         5
 Silence                  Hex/Air        16%        N/A       43%         5
 Dispersal                Tloc           16%        N/A       93%         6
 Simulacrum               Ice/Necr       16%        N/A       93%         6
 Ozocubu's Refrigeration  Ice            16%        4d11      95%         7
 Dragon Form              Tmut           19%        N/A       100%        7
 Storm Form               Tmut/Air       18%        N/A       100%        7
 Discord                  Hex            16%        N/A       100%        8
 Disjunction              Tloc           16%        N/A       100%        8
 Maxwell's Capacitive Co  Air            16%        ∞         100%        8
 Chain Lightning          Conj/Air       50%        3d67      100%        9
 Fire Storm               Conj/Fire      50%        8d13      100%        9
 Cigotuvi's Dreadful Rot  Necr/Pois/Air  Unusable   N/A       N/A         2
 Statue Form              Tmut/Erth      Unusable   N/A       N/A         6

Dungeon Overview and Level Annotations

Branches:
Dungeon (15/15)            Temple (1/1) D:4            Lair (5/5) D:11
 Shoals (4/4) Lair:3        Snake (4/4) Lair:2        Slime (0/5) Lair:4
    Orc (2/2) D:12            Elf (3/3) Orc:2        Vaults (5/5) D:13
  Crypt (0/3) Vaults:2     Depths (4/4) D:15            Zot (5/5) Depths:4
 WizLab (visited)         Desolation (visited)      Gauntlet (visited)

Altars:
Ashenzari
Cheibriados
Dithmenos
Elyvilon
Fedhas
Gozag
Hepliaklqana
Kikubaaqudgha
Makhleb
Nemelex Xobeh
Okawaru
Qazlal
Ru
Sif Muna
Trog
Uskayaw
Vehumet
Wu Jian
Xom
Yredelemnul
Zin
Jiyva

Shops:
D:4 =   D:8 *   D:9 [   D:12 *   D:13 (   Orc:1 =   Orc:2 (*=[   Shoals:1 [!
Shoals:3 (   Shoals:4 =   Snake:3 :[[*   Snake:4 **(*   Vaults:1 :(*
Vaults:3 (   Vaults:5 =   Depths:4 ==:

Portals:
Hell: Depths:1 Depths:2 Depths:3 Depths:4
Abyss: Depths:1 Depths:3 Depths:4
Pandemonium: Depths:1 Depths:2
Ziggurat: Depths:2
Trove: Depths:4 (give 6 scrolls of blinking)

Annotations:
Elf:2 3 runed translucent doors
Depths:4 2 runed translucent doors


Innate Abilities, Weirdness & Mutations

You are immune to sickness and miasma.
Your stone body is resilient. (AC +20)
You are immune to poison.
Your large and strong wings let you fly.
You resist negative energy. (rN+)
You are resistant to electric shocks. (rElec)
You are resistant to unholy torment.
You are immune to petrification.


Message History

(Z) Zot
Where to? (Enter - D:2, ? - help)
There is a stone staircase leading up here.
You fly upwards.
There is a stone staircase leading down here.
(D) Dungeon (T) Temple (L) Lair (A) Shoals (P) Snake Pit (M) Slime Pits (O) Orcish Mines (E) Elven Halls (V) Vaults (C) Crypt (U) Depths (H) Hell (Z) Zot
Where to? (Enter - D:2, ? - help) Magic restored.
There is a stone staircase leading up here.
You fly upwards.
There is a stone staircase leading down here.
(D) Dungeon (T) Temple (L) Lair (A) Shoals (P) Snake Pit (M) Slime Pits (O) Orcish Mines (E) Elven Halls (V) Vaults (C) Crypt (U) Depths (H) Hell (Z) Zot
Where to? (Enter - D:1, ? - help)
Okay, then.
You see here a +0 club.
There is an open door here.
There is an open door here.
Casting: Lehudib's Crystal Spear (mildly dangerous; 1% risk of failure)
Confirm with . or Enter, or press ? or * to list all spells.
You feel a surge of power!
The dungeon rumbles!
A door shatters! x7
You destroy the large abomination!
Vehumet accepts your kill.
You feel your power returning.
A door shatters!
You kill the Executioner!
Vehumet accepts your kill.
You feel your power returning.
A door shatters! x3
You destroy the large abomination!
Vehumet accepts your kill.
You feel your power returning.
Ka-crash!
There is a staircase leading out of the dungeon here.
You have escaped!

#....≈≈≈≈≈≈~≈≈≈≈≈~≈≈~≈≈≈≈≈≈~...##
#....~≈≈≈≈≈≈≈≈≈≈~≈≈≈≈≈≈≈≈≈≈~.....
#....≈≈≈#...#≈≈≈≈≈≈≈#'#+#≈≈~.....
#....~≈≈.....#.###..#..>'≈≈≈.....
#....~≈≈....'.......'...'≈≈~.....
#....~≈≈..#.#.##....###+#≈~~.....
#....~≈≈≈≈........#...#≈≈~~......
#....≈≈≈≈≈#.##....'.⌠.'≈~~..⌠....
#....≈≈≈≈≈..##..@...⌠.'~≈~..⌠....
#....~≈≈≈≈.(..........#≈≈≈~....#.
#....~≈≈#...#.##.##.#'#'#≈≈~...#.
#....~≈≈'...#.......#..÷'≈≈~...#.
#....~≈≈'...##+###'##..('≈≈~...#.
#....≈≈≈#+#'#≈≈≈≈≈≈≈#+#'#≈≈~...#.
#....~≈≈≈≈≈≈≈≈≈≈≈≈≈≈≈≈≈≈≈≈≈≈.....
#....~≈≈≈≈≈≈≈≈≈≈≈≈≈≈≈≈≈≈≈≈≈~.....
#....≈~~~~~~~~~~~~~≈~≈~~~~≈~...#.


There were no monsters in sight!

Vanquished Creatures
  Tiamat (Zot:4)
  4 ancient liches
  2 orbs of fire (Zot:5)
  3 juggernauts
  7 Killer Klowns
  Margery (Vaults:5)
  3 caustic shrikes (Depths:1)
  Nikola (Snake:2)
  5 curse toes
  6 golden dragons
  2 electric golems
  A hellephant (D:13)
  18 tentacled monstrosities
  25 Orb Guardians
  A Hell Sentinel (D:3)
  6 titans
  5 deep elf master archers
  A walking frostbound tome (Depths:2)
  4 liches
  2 deep elf blademasters (Elf:3)
  Asterion (Vaults:3)
  4 quicksilver dragons
  An Executioner (D:1)
  6 death cobs
  6 tengu reavers
  Frances (Snake:2)
  Kirke (Lair:4)
  A thorn hunter (WizLab)
  9 shadow dragons
  2 sphinxes
  17 storm dragons
  3 nagarajas
  A draconian knight (Zot:5)
  2 fenstrider witches (WizLab)
  8 frost giants
  2 balrugs
  A daeva (Zot:1)
  7 fire giants
  14 vault wardens
  7 draconian scorchers
  4 deep elf elementalists
  2 iron dragons (Depths:3)
  4 deep elf sorcerers (Elf:3)
  A ghost moth (Zot:4)
  A curse skull (Vaults:2)
  3 draconian annihilators
  A spriggan defender (Depths:3)
  10 draconian shifters
  5 draconian stormcallers
  A caustic shrike zombie (D:15)
  2 orc warlords
  15 ironbound preservers
  7 stone giants
  12 very ugly things
  3 ironbound thunderhulks
  11 green draconians
  2 vampire knights
  6 deep elf demonologists
  7 deep elf annihilators
  6 black draconians
  9 purple draconians
  A lorocyproca (D:15)
  10 white draconians
  10 yellow draconians
  A minotaur (Gauntlet)
  The ghost of bmack86 the Fighter, a journeyman MiFi of Okawaru (Lair:2)
  2 dire elephants (Vaults:2)
  17 red draconians
  9 spark wasps
  8 deep elf death magi
  2 crystal guardians
  11 ettins
  2 merfolk javelineers
  6 merfolk impalers
  4 fire dragons
  2 jiangshi (Depths:3)
  4 ragged hierophants (Desolation)
  7 ice dragons
  12 yaktaur captains
  8 hydras
  5 deep elf high priests
  Fannar (D:12)
  A rakshasa (Depths:1)
  2 spriggan air magi
  3 servants of whispers (Desolation)
  3 ogre magi
  A great orb of eyes (Vaults:2)
  33 vault guards
  2 peacekeepers (Desolation)
  3 merfolk avatars
  3 catoblepae
  A hell beast (Depths:2)
  5 boulder beetles
  7 centaur warriors
  9 anacondas
  6 ironbound frosthearts
  5 merfolk aquamancers
  2 satyrs (Shoals:4)
  A death knight (D:15)
  3 deep troll shamans
  20 death yaks
  10 two-headed ogres
  15 dancing weapons
  7 deep troll earth magi
  A tengu warrior (D:15)
  3 vampire magi
  A titan zombie (Depths:3)
  3 spriggan berserkers
  A hell hog (Depths:2)
  6 orc high priests
  7 naga warriors
  3 soul eaters
  5 shock serpents
  5 sun demons
  8 naga sharpshooters
  22 deep elf knights
  21 hell knights
  2 skeletal warriors (D:15)
  A sixfirhy (D:9)
  2 iron trolls
  7 sea snakes
  4 salamander mystics
  16 deep elf archers
  7 naga ritualists
  3 deep trolls (shapeshifter)
  24 deep trolls
  4 flayed ghosts
  2 lindwurms
  Pikel (D:7)
  An obsidian statue (Gauntlet)
  A phantasmal warrior (Vaults:4)
  A shadow demon (Depths:3)
  5 necromancers
  A lindwurm (shapeshifter) (Depths:3)
  15 harpies
  34 deep elf pyromancers
  2 mana vipers (shapeshifter) (Vaults:5)
  14 ironbound convokers
  A shadow dragon zombie (Depths:3)
  29 deep elf zephyrmancers
  7 mana vipers
  6 orc knights
  A stone giant zombie (Vaults:4)
  8 wizards
  14 fauns
  2 steelbarb worms (shapeshifter) (Vaults:4)
  3 orc sorcerers
  13 manticores
  3 oklob plants
  A faun (shapeshifter) (Elf:2)
  10 cyclopes
  9 salamanders
  41 ugly things
  5 merfolk sirens
  10 moths of wrath
  A stone giant skeleton (Vaults:4)
  A fire giant skeleton (D:15)
  12 elephants
  10 guardian serpents
  32 black mambas
  A frost giant skeleton (D:15)
  9 water nymphs
  9 cane toads
  2 smoke demons
  A torpor snail (D:11)
  7 vault sentinels
  7 gargoyles
  2 molten gargoyles
  A water nymph (shapeshifter) (Vaults:5)
  8 naga magi
  2 unseen horrors (D:12)
  A hellion (D:13)
  A rime drake (shapeshifter) (D:12)
  An efreet (D:15)
  20 yaktaurs
  4 rime drakes
  3 freezing wraiths
  10 komodo dragons
  A guardian mummy (Depths:4)
  2 tengu conjurers
  9 trolls
  19 merfolk
  3 polar bears
  A queen bee (Gauntlet)
  9 blink frogs (Lair:5)
  3 meliai (D:14)
  23 saltlings (Desolation)
  3 wind drakes
  3 hornets
  8 dream sheep
  A spriggan zombie (D:15)
  5 snapping turtles
  2 air elementals (Elf:3)
  A jumping spider (shapeshifter) (D:12)
  2 large abominations (D:1)
  4 wraiths
  31 slime creatures
  41 yaks
  3 hogs (Lair:4)
  3 nameless horrors
  4 wyverns
  12 water elementals
  4 shadows
  5 basilisks
  15 humans (D:13)
  A vampire (D:9)
  2 fire elementals (Elf:1)
  A human (shapeshifter) (Elf:1)
  Menkaure (D:4)
  11 vampire mosquitoes
  A chaos spawn (Depths:1)
  3 wargs
  6 two-headed ogre zombies (Orc:1)
  Duvessa (D:5)
  23 nagas
  5 acid dragons
  22 water moccasins
  36 orc warriors
  A sky beast (D:6)
  9 ogres
  3 black bears
  A human zombie (Vaults:4)
  8 boggarts
  18 wolves
  5 centaurs
  2 lemures
  3 kobold brigands
  Blork the orc (D:4)
  12 bullfrogs
  3 necrophages
  2 earth elementals (Elf:3)
  2 gnoll sergeants
  7 scorpions
  8 wights (D:9)
  Dowan (D:5)
  13 killer bees
  3 electric eels
  2 howler monkeys
  A crimson imp (D:8)
  2 hounds
  14 orc priests
  2 iguanas
  13 orc wizards
  3 scorpion zombies (D:3)
  A hound zombie (D:3)
  A hound skeleton (D:3)
  Robin (D:4)
  8 gnolls
  3 adders (D:4)
  2 adder skeletons (D:3)
  An adder zombie (D:3)
  3 worms
  2 dart slugs
  53 orcs
  3 ball pythons
  5 endoplasms
  5 giant cockroaches
  21 goblins
  9 hobgoblins
  17 kobolds
  2 quokkas
  7 bats
  5 frilled lizards
  8 rats
1736 creatures vanquished.

Vanquished Creatures (collateral kills)
  A dread lich (Depths:2)
  2 Killer Klowns
  A caustic shrike (Depths:1)
  4 golden dragons
  A bone dragon (Depths:4)
  An electric golem (Zot:5)
  8 tentacled monstrosities
  An Orb Guardian (Zot:5)
  A titan (Vaults:5)
  2 quicksilver dragons
  3 shadow dragons
  4 death cobs
  2 tengu reavers
  2 storm dragons
  A fenstrider witch (WizLab)
  3 fire giants
  2 draconian knights
  8 nagarajas (Snake:4)
  2 draconian monks
  2 frost giants
  A draconian scorcher (Zot:1)
  7 vault wardens
  An imperial myrmidon (Desolation)
  A ghost moth (Zot:4)
  A caustic shrike zombie (Depths:3)
  5 ironbound preservers
  A draconian stormcaller (Zot:5)
  A juggernaut zombie (Depths:3)
  2 draconian annihilators
  7 very ugly things
  3 stone giants
  3 war gargoyles
  5 ironbound thunderhulks
  An eleionoma (WizLab)
  5 black draconians
  6 purple draconians
  4 green draconians
  2 deep elf annihilators (Elf:3)
  A dire elephant (Vaults:2)
  5 red draconians
  A white draconian (Zot:1)
  2 yellow draconians
  A halazid warlock (Desolation)
  4 spark wasps
  3 ettins
  2 crystal guardians (Desolation)
  4 deep elf death magi
  2 merfolk impalers
  2 deep elf high priests
  A green death (D:13)
  2 fire dragons
  2 shambling mangroves (WizLab)
  2 great orbs of eyes
  11 ragged hierophants (Desolation)
  8 yaktaur captains
  10 servants of whispers (Desolation)
  2 salamander tyrants
  3 vault guards
  A spriggan air mage (Depths:2)
  3 centaur warriors
  5 ice dragons
  2 merfolk avatars
  9 peacekeepers
  5 ironbound frosthearts
  2 anacondas (Snake:4)
  3 satyrs
  2 merfolk aquamancers
  20 dancing weapons
  2 deep troll shamans
  A tengu warrior (Depths:3)
  A boulder beetle (Vaults:3)
  6 naga warriors
  8 naga sharpshooters
  3 shock serpents
  7 deep elf knights
  2 hell knights
  2 sun demons
  A soul eater (Vaults:2)
  3 salamander mystics (Snake:4)
  A sea snake (Shoals:3)
  17 deep trolls
  A naga ritualist (Snake:1)
  A shadow demon (Depths:2)
  12 ironbound convokers
  4 lindwurms
  2 harpies
  A lindwurm (shapeshifter) (Vaults:4)
  2 necromancers (Vaults:4)
  4 deep elf archers
  2 mana vipers
  11 deep elf zephyrmancers
  7 deep elf pyromancers
  9 fauns
  An oklob plant (WizLab)
  3 ugly things
  10 salamanders
  2 manticores (Shoals:3)
  A frost giant skeleton (Depths:3)
  An elephant (shapeshifter) (Elf:1)
  15 black mambas
  9 moths of wrath
  4 water nymphs
  8 naga magi
  2 guardian serpents
  2 merfolk sirens
  8 vault sentinels
  A molten gargoyle (Vaults:1)
  A human zombie (Vaults:4)
  A freezing wraith (Vaults:4)
  A tengu conjurer (Depths:3)
  23 yaktaurs
  14 merfolk
  72 saltlings
  A queen bee (Lair:2)
  2 wind drakes
  A tarantella (shapeshifter) (Elf:1)
  2 nameless horrors
  6 hornets
  A stone giant simulacrum (Vaults:4)
  16 slime creatures
  A snapping turtle (Shoals:2)
  An air elemental (Elf:3)
  A spriggan (shapeshifter) (Elf:3)
  A wraith (Vaults:2)
  5 water elementals
  32 nagas
  A floating eye (D:15)
  A glowing shapeshifter skeleton (Vaults:4)
  An orc warrior (Vaults:5)
  A boggart (Vaults:3)
  2 human skeletons (Vaults:4)
  A killer bee (Lair:2)
  An orc (Elf:1)
594 creatures vanquished.

Vanquished Creatures (others)
  A draconian knight (Zot:1)
  A deep elf elementalist (Elf:3)
  A sixfirhy (Depths:4)
  A moth of wrath (Depths:4)
  A black mamba (Snake:3)
  A merfolk (Shoals:3)
  A hell hound (Depths:4)
  A bush (Lair:5)
  64 fungi
  269 plants
  22 withered plants
363 creatures vanquished.

Grand Total: 2693 creatures vanquished

Notes
Turn   | Place    | Note
-------+----------+-------------------------------------------
     0 | D:1      | cforsyth the Gargoyle Earth Elementalist began the quest
                  | for the Orb.
     0 | D:1      | Reached XP level 1. HP: 10/10 MP: 3/3
   299 | D:1      | Reached XP level 2. HP: 15/15 MP: 0/5
   615 | D:1      | Reached XP level 3. HP: 19/19 MP: 4/7
  1898 | D:2      | Reached XP level 4. HP: 24/24 MP: 6/8
  2181 | D:3      | Reached skill level 5 in Earth Magic
  2511 | D:3      | Reached XP level 5. HP: 20/28 MP: 3/10
  2630 | D:3      | Found a faded altar of an unknown god.
  2809 | D:3      | Got the Annotations on Flesh and the Iceberg
  3160 | D:4      | Reached XP level 6. HP: 32/32 MP: 12/12
  3165 | D:4      | Noticed Robin
  3228 | D:4      | Killed Robin
  3231 | D:4      | Found Nyicav's Jewellery Shoppe.
  3370 | D:4      | Noticed Menkaure
  3433 | D:4      | Found a large runed translucent door.
  3439 | D:4      | Found a large runed translucent door.
  3657 | D:4      | Found a stormy altar of Qazlal.
  3660 | D:4      | Found a shadowy altar of Dithmenos.
  3818 | D:4      | Noticed Blork the orc
  4050 | D:5      | Entered Level 5 of the Dungeon
  4071 | D:5      | Reached XP level 7. HP: 36/36 MP: 12/14
  4075 | D:5      | Learned a level 3 spell: Stone Arrow
  4116 | D:5      | Reached skill level 5 in Spellcasting
  4158 | D:5      | Reached skill level 1 in Fighting
  4158 | D:5      | Reached skill level 1 in Conjurations
  4288 | D:5      | Noticed Duvessa
  4289 | D:5      | Noticed Dowan
  4313 | D:5      | Killed Duvessa
  4314 | D:5      | Reached XP level 8. HP: 33/44 MP: 1/16
  4316 | D:5      | Killed Dowan
  6069 | D:6      | Reached XP level 9. HP: 43/52 MP: 9/18
  6552 | D:7      | Noticed a hornet
  6790 | D:7      | Found a shimmering altar of Xom.
  6790 | D:7      | Found a basalt altar of Yredelemnul.
  6790 | D:7      | Found an ornate altar of the Wu Jian Council.
  6790 | D:7      | Found a glowing silver altar of Zin.
  6790 | D:7      | Found a snail-covered altar of Cheibriados.
  6797 | D:7      | Noticed Pikel
  7079 | D:7      | Killed a hornet
  7209 | D:7      | Killed Pikel
  7210 | D:7      | Reached skill level 5 in Fighting
  7210 | D:7      | Reached skill level 5 in Conjurations
  7625 | D:7      | Found a shimmering blue altar of Sif Muna.
  7926 | D:8      | Reached XP level 10. HP: 59/59 MP: 18/20
  8066 | D:8      | Found Suthryom's Assorted Antiques.
  8077 | D:8      | Bought a scroll labelled MYUNIVEPNIR for 33 gold pieces
  8301 | D:8      | Found a burning altar of Makhleb.
  8740 | D:4      | Killed Menkaure
  8822 | D:4      | Found a staircase to the Ecumenical Temple.
  8884 | Temple   | Entered the Ecumenical Temple
  8893 | Temple   | Became a worshipper of Vehumet
  9036 | D:4      | Killed Blork the orc
  9223 | D:9      | Reached skill level 5 in Dodging
  9227 | D:9      | Reached skill level 10 in Earth Magic
  9395 | D:9      | Reached * piety under Vehumet
  9395 | D:9      | Offered knowledge of Foxfire by Vehumet.
  9869 | D:9      | Found Byipn's Antique Armour Emporium.
  9881 | D:9      | Bought a faintly humming robe for 136 gold pieces
  9881 | D:9      | Identified the +1 robe "Aletrus" {Dex+4} (You bought it in
                  | a shop on level 9 of the Dungeon)
  9881 | D:9      | Bought a smoking robe for 136 gold pieces
  9881 | D:9      | Identified the +3 robe of the Plum {+Blink Str-3 Int+5
                  | SInv} (You bought it in a shop on level 9 of the Dungeon)
  9895 | D:9      | Bought a pair of embroidered gloves for 180 gold pieces
 10079 | D:10     | Entered Level 10 of the Dungeon
 10148 | D:10     | Noticed a cyclops
 10158 | D:10     | Killed a cyclops
 10235 | D:10     | Noticed a gargoyle
 10241 | D:10     | Killed a gargoyle
 10242 | D:10     | Reached XP level 11. HP: 50/67 MP: 11/22
 11537 | D:11     | Noticed an oklob plant
 11641 | D:11     | Noticed an oklob plant
 11645 | D:11     | Found a staircase to the Lair.
 11683 | D:11     | Killed an oklob plant
 11684 | D:11     | Noticed a cyclops
 11691 | D:11     | Killed a cyclops
 11913 | D:11     | Killed an oklob plant
 11913 | D:11     | Offered knowledge of Kiss of Death by Vehumet.
 12069 | D:11     | Noticed a boulder beetle
 12087 | D:11     | Killed a boulder beetle
 12101 | D:11     | Reached ** piety under Vehumet
 12974 | D:12     | Found a staircase to the Orcish Mines.
 12998 | D:12     | Noticed a manticore
 13020 | D:12     | Killed a manticore
 13021 | D:12     | Reached XP level 12. HP: 75/75 MP: 11/24
 13139 | D:12     | Noticed a centaur warrior
 13144 | D:12     | Killed a centaur warrior
 13533 | D:12     | Got the Encyclopedia of the Tanner
 13572 | D:11     | Offered knowledge of Dazzling Flash by Vehumet.
 14051 | D:12     | Found Woach's CLEARANCE SALE!.
 14051 | D:12     | Noticed a two-headed ogre
 14056 | D:12     | Killed a two-headed ogre
 14091 | D:12     | Bought a scroll of enchant armour for 30 gold pieces
 14112 | D:12     | Reached *** piety under Vehumet
 14384 | D:12     | Noticed Fannar
 14585 | D:12     | Killed Fannar
 14990 | D:13     | Reached skill level 10 in Fighting
 14990 | D:13     | Reached XP level 13. HP: 82/82 MP: 26/26
 15071 | D:13     | Reached skill level 10 in Conjurations
 15095 | D:13     | Found Reuntoz's Antique Weapon Boutique.
 15101 | D:13     | Offered knowledge of Iskenderun's Mystic Blast by Vehumet.
 15121 | D:13     | Learned a level 4 spell: Iskenderun's Mystic Blast
 15209 | D:12     | Reached skill level 10 in Spellcasting
 15483 | Lair:1   | Entered Level 1 of the Lair of Beasts
 15796 | Lair:1   | Reached **** piety under Vehumet
 15899 | Lair:1   | Offered knowledge of Lee's Rapid Deconstruction by Vehumet.
 15906 | Lair:1   | Learned a level 5 spell: Lee's Rapid Deconstruction
 16725 | Lair:2   | Found a staircase to the Snake Pit.
 16995 | Lair:2   | Found a transporter.
 16999 | Lair:2   | Found a transporter.
 17088 | Lair:2   | Noticed bmack86's ghost (journeyman MiFi)
 17651 | Lair:3   | Found a staircase to the Shoals.
 18765 | Lair:3   | Gained mutation: Your large and strong wings let you fly.
                  | [Gargoyle growth]
 18765 | Lair:3   | Reached XP level 14. HP: 90/90 MP: 13/28
 19113 | Lair:4   | Reached ***** piety under Vehumet
 19161 | Lair:3   | Offered knowledge of Spellforged Servitor by Vehumet.
 19170 | Lair:3   | Learned a level 7 spell: Spellforged Servitor
 19737 | Lair:4   | Reached skill level 1 in Summonings
 20333 | Lair:4   | Noticed Kirke
 20344 | Lair:4   | Killed Kirke
 21242 | Lair:4   | Found a viscous altar of Jiyva.
 21243 | Lair:4   | Found a staircase to the Slime Pits.
 21275 | Lair:5   | Entered Level 5 of the Lair of Beasts
 21347 | Lair:5   | Found a gate leading to a gauntlet.
 21356 | Gauntlet | Entered a Gauntlet
 21356 | Gauntlet | Found a transporter.
 21356 | Gauntlet | Found a transporter.
 21478 | Gauntlet | Found a transporter.
 21496 | Gauntlet | Found a transporter.
 21496 | Gauntlet | Found a transporter.
 21496 | Gauntlet | Found a transporter.
 21499 | Gauntlet | Found a transporter.
 21499 | Gauntlet | Found a transporter.
 21511 | Gauntlet | Found a transporter.
 21511 | Gauntlet | Found the +2 hat of the Bear Spirit {Spirit, *Rage Will++}
 21528 | Gauntlet | Found a runed translucent gate.
 21529 | Gauntlet | Found a transporter.
 21529 | Gauntlet | Found a runed translucent gate.
 21530 | Gauntlet | Found a runed translucent gate.
 21539 | Gauntlet | Found a transporter.
 21556 | Gauntlet | Found a transporter.
 21576 | Gauntlet | Found a transporter.
 21589 | Gauntlet | Found a transporter.
 21933 | Gauntlet | Identified the +2 scale mail "Oquzeram" {rElec rPois Will-
                  | rCorr}
 21980 | Gauntlet | Identified the ring of Tienku {rC+ Str+3}
 22183 | Gauntlet | Got the Papyrus of the Elliptic Tundra
 22190 | Gauntlet | Identified the +5 short sword of Weak Indomitability {elec,
                  | rElec rC+ Dex-3}
 22191 | Gauntlet | Got Banikh's Compendium of Bad Luck
 22450 | Lair:5   | Offered knowledge of Olgreb's Toxic Radiance by Vehumet.
 22738 | Lair:5   | Reached skill level 15 in Earth Magic
 22803 | Lair:5   | Reached XP level 15. HP: 96/96 MP: 30/30
 24146 | Lair:5   | Reached skill level 10 in Dodging
 24739 | Orc:1    | Entered Level 1 of the Orcish Mines
 24829 | Orc:2    | Entered Level 2 of the Orcish Mines
 24829 | Orc:2    | Noticed an orc warlord
 24840 | Orc:1    | Killed an orc warlord
 25585 | Orc:2    | Found Sadghud's Jewellery Boutique.
 25767 | Orc:2    | Offered knowledge of Arcjolt by Vehumet.
 25796 | Orc:2    | Found Giehoigh's Antique Armour Shop.
 25872 | Orc:2    | Bought a pair of faintly humming gloves for 199 gold pieces
 25872 | Orc:2    | Identified the +1 pair of gloves of Mezcal {Fly rF+ Str+2}
                  | (You bought it in a shop on level 2 of the Orcish Mines)
 25872 | Orc:2    | Bought a pair of shimmering boots for 199 gold pieces
 25872 | Orc:2    | Identified the +0 pair of boots of Noughts and Crosses
                  | {+Blink Dex+3} (You bought it in a shop on level 2 of the
                  | Orcish Mines)
 25953 | Orc:2    | Found a staircase to the Elven Halls.
 25961 | Orc:2    | Noticed an orc warlord
 25978 | Orc:2    | Killed an orc warlord
 26274 | Orc:2    | Found Hazakkeg's Antique Weapon Emporium.
 26298 | Orc:2    | Found Janiufau's General Store.
 26392 | Orc:2    | Bought a scroll of teleportation for 48 gold pieces
 26392 | Orc:2    | Bought a potion of magic for 128 gold pieces
 26800 | Orc:1    | Reached skill level 5 in Summonings
 27059 | Orc:1    | Found Itoram's Jewellery Shoppe.
 27432 | D:13     | Found the +6 arbalest "Damnation" {damnation}
 27623 | D:13     | Paralysed by an ogre mage for 5 turns
 28245 | D:13     | Reached XP level 16. HP: 104/104 MP: 17/32
 28446 | D:13     | Found a gate to the Vaults.
 28467 | D:13     | Offered knowledge of Eringya's Noxious Bog by Vehumet.
 31022 | D:15     | Entered Level 15 of the Dungeon
 31290 | D:15     | Found a staircase to the Depths.
 31566 | D:15     | Offered knowledge of Starburst by Vehumet.
 31578 | D:15     | Learned a level 2 spell: Blink
 32276 | D:15     | Reached XP level 17. HP: 86/110 MP: 33/33
 32885 | Snake:1  | Entered Level 1 of the Snake Pit
 33014 | Orc:2    | Bought a glowing buckler for 157 gold pieces
 33025 | Orc:2    | Upgraded the game from 0.30-a0-591-g3c58d2bc28 to
                  | 0.30-a0-596-g0af90f9a20
 33447 | Snake:1  | Found a transporter.
 33480 | Snake:1  | Found a transporter.
 33703 | Snake:1  | Found a transporter.
 33704 | Snake:1  | Found a transporter.
 33819 | Snake:1  | Reached skill level 1 in Shields
 35196 | Snake:1  | Found a transporter.
 35204 | Snake:1  | Found a transporter.
 35678 | Snake:2  | Offered knowledge of Ozocubu's Refrigeration by Vehumet.
 36197 | Snake:2  | Noticed Nikola
 36216 | Snake:2  | Killed Nikola
 36598 | Snake:2  | Noticed Frances
 36623 | Snake:2  | Killed Frances
 36815 | Snake:2  | HP: 5/112 [naga/+0 halberd (15)]
 37610 | Snake:3  | Reached skill level 5 in Shields
 37821 | Snake:3  | Reached skill level 15 in Fighting
 37821 | Snake:3  | Reached skill level 15 in Conjurations
 38022 | Snake:3  | Found Juthrabru's Armour Shoppe.
 38022 | Snake:3  | Found Ugutu's Antique Armour Emporium.
 38055 | Snake:3  | Reached XP level 18. HP: 71/119 MP: 14/34
 38226 | Snake:3  | Found Xicuw's Assorted Antiques.
 38226 | Snake:3  | Found Miynie's Book Emporium.
 38560 | Snake:4  | Entered Level 4 of the Snake Pit
 38565 | Snake:4  | Found Boxkuih's Assorted Antiques.
 38573 | Snake:4  | Found Kakic's Weapon Emporium.
 39224 | Snake:3  | Reached ****** piety under Vehumet
 39887 | Snake:4  | Offered knowledge of Ignition by Vehumet.
 39904 | Snake:4  | Learned a level 8 spell: Ignition
 40248 | Snake:4  | Got a serpentine rune of Zot
 40354 | Snake:4  | Found Isukexiug's General Store.
 40356 | Snake:4  | Found Loliuta's Specific Store.
 40747 | Shoals:1 | Entered Level 1 of the Shoals
 41308 | Shoals:1 | Found Zaost's Armour Shoppe.
 41392 | Shoals:1 | Found Irchiaps's Distillery.
 41415 | Shoals:1 | Bought a potion of magic for 112 gold pieces
 41415 | Shoals:1 | Bought a potion of haste for 140 gold pieces
 41415 | Shoals:1 | Bought a potion of heal wounds for 70 gold pieces
 41966 | Shoals:1 | Reached XP level 19. HP: 127/127 MP: 28/36
 43946 | Shoals:3 | Offered knowledge of Lehudib's Crystal Spear by Vehumet.
 43946 | Shoals:3 | Offered knowledge of Shatter by Vehumet.
 43946 | Shoals:3 | Offered knowledge of Chain Lightning by Vehumet.
 44641 | Shoals:3 | Found Dozaocal's Weapon Boutique.
 44792 | Shoals:4 | Entered Level 4 of the Shoals
 45010 | Shoals:4 | Identified the +3 leather armour "Ixkojed" {Contam rN+
                  | rCorr Dex+4}
 45675 | Shoals:4 | Learned a level 8 spell: Lehudib's Crystal Spear
 45710 | Shoals:4 | Got a barnacled rune of Zot
 45823 | Shoals:4 | Got the Spellbook of Permutations and the Nimbus
 45860 | Shoals:4 | Identified the ring of Niogoask {Wiz rN+}
 46028 | Shoals:4 | Found Wipefuit's Jewellery Shop.
 46776 | Vaults:1 | Entered Level 1 of the Vaults
 46789 | Vaults:1 | Found Xeataq's Weapon Emporium.
 46799 | Vaults:1 | Found Tiest's Assorted Antiques.
 46807 | Vaults:1 | Bought a scroll of blinking for 285 gold pieces
 46907 | Vaults:1 | Found a crumbling gateway.
 46963 | Desolati | Entered the Desolation of Salt
 47273 | Desolati | Reached XP level 20. HP: 77/136 MP: 11/38
 47518 | Desolati | Identified the ring of Ru's Benevolence {Fire SInv}
 47585 | Desolati | Got the Precepts of Electricity
 47588 | Desolati | Identified the +0 chain mail of Kiati {rPois Will+}
 48035 | Desolati | Identified the +0 helmet of Nyixuchi {Harm rElec}
 48047 | Desolati | Reached skill level 15 in Spellcasting
 48583 | Desolati | Identified the +4 flail of Gozag's Indignation {heavy,
                  | Str+4 Int+4}
 48602 | Desolati | Identified the +1 leather armour "Covviw" {rF+ Will+ Str+4
                  | Dex+4}
 48652 | Desolati | Got the Atlas of the Creative Figure
 48719 | Desolati | Identified the +5 scale mail of the Turtledove {rF+ rC+
                  | rCorr Int-5}
 48724 | Desolati | Got the Anthology of Icy Calefaction
 48767 | Desolati | Found the +3 giant club "Skullcrusher" {speed, Str+7}
 48785 | Desolati | Got the Directory of Nocuous Command
 49460 | Vaults:1 | Identified the +8 trident "Meikhaw" {spect, Str+6 Dex-3
                  | Stlth+}
 49611 | Vaults:1 | Reached skill level 15 in Dodging
 50318 | Vaults:1 | Found Hedyar's Book Emporium.
 51224 | Vaults:2 | Learned a level 9 spell: Shatter
 51721 | Vaults:2 | Found a staircase to the Crypt.
 51729 | Vaults:2 | Reached XP level 21. HP: 144/144 MP: 25/40
 53966 | Vaults:3 | Noticed Asterion
 53970 | Vaults:3 | Killed Asterion
 54249 | Vaults:3 | Found Cakask's Antique Weapon Shoppe.
 55030 | Vaults:3 | Found a transporter.
 55032 | Vaults:3 | Found the +7 Spriggan's Knife {stab, EV+4 Stlth+}
 55062 | Vaults:3 | Found a transporter.
 55791 | Vaults:3 | Identified the ring of Dishonesty {Str+6 Int+3}
 56082 | Vaults:3 | Identified the ring of Veammy {Contam rC+ Will+ rCorr}
 56512 | Vaults:4 | Found a magical portal.
 56521 | WizLab   | Entered Eringya's Formal Garden
 57618 | WizLab   | Found a blossoming altar of Fedhas.
 57625 | WizLab   | Reached XP level 22. HP: 132/153 MP: 31/41
 59313 | Vaults:4 | Identified the +9 arbalest of Soujucegh {elec, rN+ Dex+3}
 60048 | Depths:1 | Entered Level 1 of the Depths
 61645 | Depths:1 | Found a one-way gate to the infinite horrors of the Abyss.
 61682 | Depths:1 | You are sucked into a shaft and drop 1 floor!
 62059 | Depths:1 | Found a white marble altar of Elyvilon.
 62173 | Depths:1 | Found a one-way gate leading to the halls of Pandemonium.
 62295 | Depths:1 | Found a gateway to Hell.
 62300 | Depths:1 | Identified the amulet of Ynupn {Faith rC- rN+++ Regen+
                  | MP-9}
 62887 | Depths:2 | Paralysed by a floating eye for 4 turns
 62895 | Depths:1 | Paralysed by a floating eye for 4 turns
 63377 | Depths:1 | Paralysed by a floating eye for 3 turns
 64674 | Depths:2 | Noticed a caustic shrike
 64679 | Depths:1 | Killed a caustic shrike
 65198 | Depths:2 | Noticed a caustic shrike
 65357 | Depths:2 | Noticed a caustic shrike
 65361 | Depths:1 | Killed a caustic shrike
 65501 | Depths:2 | Noticed a caustic shrike
 65737 | Depths:1 | Killed a caustic shrike
 65743 | Depths:1 | Killed a caustic shrike
 66111 | Depths:2 | Reached XP level 23. HP: 152/161 MP: 24/42
 67664 | Depths:2 | Identified the amulet "Mockaakk" {RegenMP Harm Str+4}
 67669 | Depths:2 | Noticed a juggernaut
 68309 | Depths:2 | Noticed a juggernaut
 68326 | Depths:2 | Noticed a dread lich
 68328 | Depths:2 | Found a one-way gateway to a ziggurat.
 68947 | Depths:2 | Killed a dread lich
 69044 | Depths:2 | Found a transporter.
 69047 | Depths:2 | Found a transporter.
 69184 | Depths:1 | Killed a juggernaut
 69184 | Depths:1 | Killed a juggernaut
 70227 | Depths:2 | Identified the +2 pair of boots "Baips" {Int+2}
 70823 | Depths:3 | Noticed a juggernaut
 70830 | Depths:3 | Killed a juggernaut
 72060 | Depths:3 | Noticed a golden dragon
 74067 | Depths:3 | Killed a golden dragon
 74231 | Depths:4 | Entered Level 4 of the Depths
 74542 | Depths:4 | Found a portal to a secret trove of treasure.
 74737 | Depths:4 | Noticed a golden dragon
 74788 | Depths:4 | Reached XP level 24. HP: 172/172 MP: 36/42
 77815 | Depths:4 | Found a runed translucent door.
 78325 | Depths:4 | Found a runed translucent door.
 78333 | Depths:4 | Found a runed translucent door.
 78568 | Depths:4 | Found a gate to the Realm of Zot.
 78664 | Depths:4 | Found Kemuevao's Book Emporium.
 78664 | Depths:4 | Found Huupeboj's Jewellery Shop.
 78665 | Depths:4 | Found Janixkuk's Jewellery Shop.
 79544 | Vaults:5 | Entered Level 5 of the Vaults
 80534 | Vaults:5 | Noticed an ancient lich
 81429 | Vaults:5 | Killed an ancient lich
 81430 | Vaults:5 | Reached XP level 25. HP: 168/182 MP: 42/42
 82705 | Vaults:5 | Noticed Margery
 82708 | Vaults:5 | Killed Margery
 82863 | Vaults:5 | Reached skill level 27 in Earth Magic
 83492 | Vaults:5 | Got the Handbook of Haze
 83707 | Vaults:5 | Identified the ring "Ampu" {rPois rC+}
 83772 | Vaults:5 | Got a silver rune of Zot
 83943 | Vaults:5 | Found Umakez's Jewellery Emporium.
 84021 | Vaults:5 | Identified the +6 scale mail of Jejepaes {Regen+}
 84022 | Vaults:5 | Identified the +5 mace "Ultimatum" {speed, Str+2}
 84023 | Vaults:5 | Identified the +4 ring mail of Eciusm {rN+ Int+3}
 84529 | Depths:4 | Bought the ring of the Mage {Wiz Archmagi} for 714 gold
                  | pieces
 84529 | Depths:4 | Found the ring of the Mage {Wiz Archmagi}
 84592 | Zot:1    | Entered Level 1 of the Realm of Zot
 87744 | Zot:1    | Learned a level 6 spell: Iron Shot
 90198 | Zot:1    | Glimpsed the power of Zot.
 90698 | Zot:1    | Glimpsed the power of Zot.
 91280 | Zot:2    | Noticed a Killer Klown
 91283 | Zot:2    | Killed a Killer Klown
 91284 | Zot:2    | Reached skill level 27 in Fighting
 91380 | Zot:2    | Reached skill level 10 in Shields
 91380 | Zot:2    | Reached XP level 26. HP: 184/193 MP: 22/42
 92742 | Zot:4    | Noticed a Killer Klown
 92961 | Zot:4    | Killed a Killer Klown
 93317 | Zot:4    | Noticed a Killer Klown
 93318 | Zot:4    | Found the +4 dragonskin cloak
 93318 | Zot:4    | Noticed Tiamat
 94001 | Zot:4    | Killed Tiamat
 94491 | Zot:4    | Killed a Killer Klown
 95145 | Zot:5    | Entered Level 5 of the Realm of Zot
 95512 | Snake:3  | Bought an encrusted ring mail for 324 gold pieces
 95512 | Snake:3  | Identified the +0 ring mail of the Everdark {Str+4} (You
                  | bought it in a shop on level 3 of the Snake Pit)
 95687 | D:9      | Bought a heavily runed scale mail for 216 gold pieces
 95687 | D:9      | Identified the +0 scale mail of Cisio {Str+3 SInv} (You
                  | bought it in a shop on level 9 of the Dungeon)
 95810 | Elf:1    | Entered Level 1 of the Elven Halls
 96285 | Elf:1    | Identified the +7 quarterstaff of Doz Cob {heavy, +Blink
                  | rElec Int+7}
 96766 | Elf:1    | Found an ancient bone altar of Kikubaaqudgha.
 97193 | Elf:2    | Reached XP level 27. HP: 195/199 MP: 18/42
 97489 | Lair:2   | Killed bmack86's ghost
 98328 | Elf:2    | Reached skill level 15 in Shields
 99369 | Elf:2    | Found a runed translucent gate.
 99369 | Elf:2    | Found a runed translucent gate.
 99425 | Elf:2    | Found a runed translucent gate.
 99618 | Elf:3    | Entered Level 3 of the Elven Halls
100053 | Elf:3    | Paralysed by an air elemental for 1 turns
101248 | Elf:3    | Identified the +1 ring mail of Wonder {Contam rN+ Dex+2
                  | SInv}
101253 | Elf:3    | Identified the +4 morningstar "Xewasuikh" {flame, rC+}
101696 | Elf:3    | Identified the +11 sling of Noxious Defiance {speed, rC+
                  | Will+}
101723 | Elf:3    | Identified the +5 scale mail of Weirdness {+Blink SInv
                  | Stlth+}
103095 | Zot:5    | Noticed an ancient lich
103101 | Zot:5    | Killed an ancient lich
103121 | Zot:5    | Noticed an orb of fire
103164 | Zot:5    | Killed an orb of fire
103187 | Zot:5    | Noticed an ancient lich
103192 | Zot:5    | Killed an ancient lich
103223 | Zot:5    | Noticed an ancient lich
103225 | Zot:5    | Killed an ancient lich
103439 | Zot:5    | Noticed an orb of fire
103444 | Zot:5    | Killed an orb of fire
106249 | Zot:5    | Got the Orb of Zot
106372 | Depths:4 | Noticed Kafar the pandemonium lord
106895 | D:$      | Escaped with the Orb!

Illustrated notes

Levels and vault maps discovered:
D:1:      dpeg_arrival_castle, layout_basic
D:2:      layout_loops_ring, minmay_pentomino_q2
D:3:      wander_river, layout_loops_cross, serial_undead, serial_undead_e,
          serial_undead_c, serial_undead_a, serial_undead_a, serial_undead_b,
          serial_undead_f, ebering_ecumenical_altar_rust
D:4:      nicolae_cairo_tiling_large_dashed, layout_cave_pools,
          jmf_multi_god_temple2, minmay_temple_entry_nine_rooms,
          minmay_shop_enchanted_jewellery, uniq_menkaure, uniq_robin,
          uniq_blork_the_orc
D:5:      layout_basic, uniq_duvessa
D:6:      layout_gridville, abandoned_shop
D:7:      layout_basic, grunt_temple_overflow_open, kennysheep_little_box,
          hangedman_decor_clover_reticule, uniq_pikel
D:8:      layout_basic, makhleb_grotto_becter, serial_shops,
          nicolae_shop_overgrown_old_shop
D:9:      layout_loops_ring, serial_shops, nicolae_shop_crystal,
          hangedman_decor_push, hangedman_decor_points, minivault_27,
          minivault_22
D:10:     layout_rooms
D:11:     layout_stronghold, dpeg_oklobed_lair, dreamdust_wishing_well
D:12:     minmay_the_grid_3x2 [minmay_the_grid_doors, minmay_the_grid_large_cup,
          minmay_the_grid_tree, minmay_the_grid_odd_star, minmay_the_grid_box_x,
          minmay_the_grid_prize_four_corners_diamond_a], layout_basic,
          orc_0_dummy, nicolae_shop_clearance, uniq_fannar
D:13:     minmay_elf_outpost, layout_basic, grunt_vaults_entry_tiered,
          serial_shops, nicolae_shop_stone, hellmonk_guarded_unrand_damnation
D:14:     layout_long_grid
D:15:     gammafunk_depths_entry_grave, layout_loops_ring,
          roderic_lattice_octagonal_star, grunt_ministairs_1
Temple:   nicolae_temple_ecumenical_triangle
Lair:1:   layout_gridlike, grunt_megastairs_3
Lair:2:   layout_regular_city, minmay_snake_entry_six_corridors,
          gammafunk_ghost_hive
Lair:3:   layout_concentric_octagons, minmay_shoals_entry_beasts,
          lemuel_fruit_tree
Lair:4:   layout_loops_ring, dpeg_slime_entry_enclosed, serial_bayou_shore_a,
          grunt_megastairs_4, infiniplex_staircase_pool_2, uniq_kirke
Lair:5:   grunt_lair_end_beastmaster, layout_loops_ring, gauntlet_entry_generic,
          serial_bayou_shore_b
Shoals:1: layout_shoals, serial_shops, shop, nicolae_lakefront_shop
Shoals:2: layout_shoals, nicolae_splish_splash
Shoals:3: layout_shoals, serial_shops, nicolae_shop_trees
Shoals:4: shoals_end_grunt_garden, layout_shoals, serial_shops, shop_fountains,
          nicolae_shoals_seven_spires
Snake:1:  layout_chambers, serial_nicolae_subway, nicolae_sub_station_crystal,
          nicolae_sub_station_stone, nicolae_sub_station_metal,
          nicolae_integral_box
Snake:2:  layout_basic, uniq_frances, uniq_nikola
Snake:3:  layout_misc_corridors, serial_bayou_shore_b, minmay_shoptagon,
          serial_bayou_shore_b, grunt_megastairs_1
Snake:4:  minmay_snake_end_coiled, layout_onion, st_stairs_5,
          nicolae_specific_store, minmay_shop_star
Orc:1:    lemuel_ogre_cave, layout_diamond_mine, serial_shops, shop,
          nicolae_orc_flooded_monolith
Orc:2:    grunt_orc_gardens, layout_diamond_mine, grunt_orc_garden,
          grunt_orc_garden, grunt_orc_garden, grunt_orc_garden
Elf:1:    eino_elf_arrival_sip, layout_onion_city, basic_altar,
          evilmike_minifort
Elf:2:    nicolae_elf_blades_crystal_corner, layout_onion_city
Elf:3:    elf_hall, layout_geoelf_castle, minivault_19, st_stairs_4
Vaults:1: portal_desolation_entry_nicolae_nacl, grunt_vaults_funnel,
          v_pattern_5, nicolae_vaults_triangles, vaults_room_ringed_pool,
          vaults_mumra_lcd, nicolae_vaults_little_squares_6, v_misc_2,
          vaults_room_fours, nicolae_vaults_alarming,
          layout_vaults_chaotic_city, serial_shops, shop, shop_statue, shop
Vaults:2: minmay_crypt_entry_simple_statues, nicolae_vaults_meeting,
          hangedman_vaults_locks, nicolae_vaults_little_ls,
          nicolae_vaults_little_squares_2, vaults_dpeg_spiral, vaults_dpeg_ring,
          layout_vaults_quadrants
Vaults:3: gammafunk_its_a_trap, hangedman_vaults_river_flow,
          nicolae_vaults_three_branches, hangedman_vaults_hat, v_pattern_3,
          vaults_room_semicircle, nicolae_vaults_bisected_exclaves, v_misc_11,
          vaults_room_hallway, nicolae_vaults_diagonal_hallway_8,
          layout_vaults_big_cross, serial_shops, nicolae_shop_advertising_works
          [nicolae_subvault_shop_adworks], uniq_asterion
Vaults:4: mu_enter_wizlab_5, v_misc_10, nicolae_vaults_angled_halls,
          ontoclasm_vaults_tryst, nicolae_vaults_yaktaur_gun_rack,
          hangedman_vaults_corner_blocks, v_misc_32,
          nicolae_vaults_circle_grid_b, vaults_mumra_minichess, v_misc_24,
          dpeg_vaults_waves, v_misc_19, vaults_mumra_minichess_inversion,
          ontoclasm_vaults_loading_screen, v_misc_10,
          nicolae_vaults_diagonal_hallway_9,
          hangedman_vaults_stretched_pinwheel, layout_vaults_maze
Vaults:5: uniq_margery
Depths:1: layout_honeycomb, rand_demon_pan_entry_5, abyss_entry,
          lightli_too_deep, nicolae_elyvilon_temple_path, corexii_corridor_pit,
          minmay_misc_feat_nine_boxes, serial_sigils_hangedman_scar
Depths:2: gammafunk_the_bubble [the_bubble_gammafunk_split], layout_cave_pools,
          enter_ziggurat_d, pan_entry, hellmouth_3, corexii_hall_statues_u,
          corexii_leaking_fountain
Depths:3: minmay_four_inscribed_fans, layout_honeycomb, serial_co_window_serial,
          co_window_paths_a, co_window_paths_b, co_window_paths_a,
          co_window_paths_a, co_window_corner_a, co_window_paths_a,
          co_window_corner_a, co_window_corner_b, co_window_paths_c,
          co_window_of_opportunity_b, co_window_corner_b,
          co_window_of_opportunity_c, co_window_corner_b, co_window_paths_c,
          glass_columns_b, abyss_entry, hell_entry
Depths:4: evilmike_zot_entry_castle, layout_cave_shapes, minmay_crystal_room,
          abyss_entry_small_statue_room, nicolae_trove_entry_path_of_doom,
          pf_coc_iceberg, serial_bayou_shore_b, minmay_shop_grove
Zot:1:    layout_concentric_octagons
Zot:2:    layout_basic
Zot:3:    layout_misc_corridors, grunt_ministairs_13, grunt_megastairs_2
Zot:4:    layout_gridville, uniq_tiamat
Zot:5:    layout_misc_corridors

Skill      XL: |  1  2  3  4  5  6  7  8  9 10 11 12 13 14 15 16 17 18 19 20 21 22 23 24 25 26 27 |
---------------+----------------------------------------------------------------------------------+-----
Earth Magic    | 4 5 6 7 8 9 10 11 12 14 15 16 17 18 19 20 22 24 26 27 | 27.0
Spellcasting   | 3 4 5 6 7 8 9 10 11 12 13 14 15 | 15.2
Fighting       | 2 3 5 7 8 10 11 12 13 15 16 18 19 20 21 23 25 27 | 27.0
Conjurations   | 2 3 5 7 8 9 11 12 13 15 16 | 16.0
Dodging        | 2 3 4 5 6 7 8 9 10 11 12 13 14 15 16 17 18 23 | 23.2
Summonings     | 3 5 6 7 |  7.0
Shields        | 5 10 14 15 | 15.0
Stealth        | |  2.1
Transmutations | |  0.7

Action                   |  1- 3 |  4- 6 |  7- 9 | 10-12 | 13-15 | 16-18 | 19-21 | 22-24 | 25-27 || total
-------------------------+-------+-------+-------+-------+-------+-------+-------+-------+-------++-------
Melee: Unarmed           |     4 |       |       |       |     4 |       |       |       |     5 ||    13
       Staff             |       |       |       |       |     6 |     1 |    36 |     9 |    48 ||   100
 Cast: Sandblast         |    57 |   110 |   121 |   143 |   669 |   928 |   330 |    27 |     3 ||  2388
       Stone Arrow       |       |       |    40 |   196 |   233 |   223 |   671 |   157 |   157 ||  1677
       Lee's Rapid Decon |       |       |       |       |    79 |    53 |     5 |     2 |     3 ||   142
       Iskenderun's Myst |       |       |       |       |     4 |       |       |       |       ||     4
       Spellforged Servi |       |       |       |       |     1 |    41 |   108 |    66 |    99 ||   315
       Lehudib's Crystal |       |       |       |       |       |       |    52 |   166 |   159 ||   377
       Blink             |       |       |       |       |       |       |     1 |       |       ||     1
       Shatter           |       |       |       |       |       |       |     2 |   217 |   350 ||   569
       Iron Shot         |       |       |       |       |       |       |       |       |     2 ||     2
 Abil: Evoke Blink       |       |       |       |       |     1 |       |       |       |       ||     1
Evoke: Wand              |       |       |       |     7 |     3 |       |       |       |       ||    10
  Use: Scroll            |       |       |    14 |     7 |     6 |     2 |     7 |     3 |    13 ||    52
       Potion            |       |       |       |       |     2 |     1 |     3 |     2 |    16 ||    24
 Stab: Distracted        |       |       |       |       |       |       |     1 |       |       ||     1
Armor: Robe              |    13 |    27 |    30 |    74 |   425 |   421 |   458 |   224 |   145 ||  1817
       Leather armour    |       |       |       |       |       |       |       |       |    85 ||    85
Dodge: Dodged            |    18 |    37 |    98 |   190 |  1016 |   736 |   750 |   231 |   314 ||  3390
Block: Buckler           |       |       |       |       |       |   174 |   331 |   117 |   132 ||   754
       Kite shield       |       |       |       |       |       |       |       |       |    44 ||    44

Table legend: (Time is in decaauts)
 A = Elapsed time spent in this place.
 B = Non-inter-level travel time spent in this place.
 C = Inter-level travel time spent in this place.
 D = Time resting spent in this place.
 E = Time spent auto-exploring this place.
 F = Levels seen in this place.
 G = Mean time per level.
                   A        B        C        D        E       F      G
               +--------+--------+--------+--------+--------+-----+--------+
         Total | 108312 | 101829 |   6483 |  44109 |  37717 |  51 | 2123.8 |
       Dungeon |  25370 |  22908 |   2462 |   7024 |  11637 |  15 | 1691.3 |
        Temple |     16 |      9 |      7 |      0 |      0 |   1 |   16.0 |
          Lair |   8994 |   8381 |    613 |   2829 |   3768 |   5 | 1798.8 |
        Shoals |   6066 |   5920 |    146 |   1455 |   3037 |   4 | 1516.5 |
     Snake Pit |   7664 |   7306 |    358 |   2086 |   3403 |   4 | 1916.0 |
  Orcish Mines |   3257 |   2805 |    452 |    741 |   1515 |   2 | 1628.5 |
   Elven Halls |   4961 |   4686 |    275 |    944 |   2509 |   3 | 1653.7 |
        Vaults |  16073 |  14694 |   1379 |   7035 |   5306 |   5 | 3214.6 |
        Depths |  17760 |  17282 |    478 |  12042 |   2923 |   4 | 4440.0 |
           Zot |  13883 |  13575 |    308 |   8273 |   2785 |   5 | 2776.6 |
        Wizlab |   1245 |   1245 |      0 |    629 |    166 |   1 | 1245.0 |
    Desolation |   2167 |   2167 |      0 |    766 |    414 |   1 | 2167.0 |
      Gauntlet |    854 |    854 |      0 |    283 |    254 |   1 |  854.0 |
               +--------+--------+--------+--------+--------+-----+--------+

Top non-repeatable levels by time:
Vaults:4: 6053 daAuts
   Zot:1: 5676 daAuts
Depths:2: 5354 daAuts
Depths:1: 4752 daAuts
Depths:4: 4645 daAuts
    D:15: 3776 daAuts
Vaults:3: 3763 daAuts
   Zot:5: 3313 daAuts
Depths:3: 3007 daAuts
    D:13: 2803 daAuts
Vaults:1: 2591 daAuts
    D:11: 2482 daAuts
 Snake:1: 2391 daAuts
  Lair:4: 2339 daAuts
   Elf:3: 2193 daAuts
